 Dungeon Crawl Stone Soup version 0.29-a0-330-g52719c12eb (webtiles) character file.

Game seed: 9777400507223845440

1173 kae the Insei (level 7, -8/69 HPs)
             Began as a Demigod Transmuter on Apr 23, 2022.
             Mangled by an iguana (12 damage)
             ... on level 5 of the Dungeon.
             The game lasted 00:03:20 (6453 turns).

kae the Insei (Demigod Transmuter)                  Turns: 6453, Time: 00:03:20

Health: -8/69      AC:  7    Str: 11    XL:     7   Next: 97%
Magic:  13/16      EV: 10    Int: 23    God:
Gold:   223        SH:  0    Dex: 14    Spells: 4/14 levels left

rFire   x . .      SeeInvis .     - Unarmed
rCold   + + +      Faith    .   (shield currently unavailable)
rNeg    . . .      Spirit   .   (body armour currently unavailable)
rPois   +          Reflect  .   (helmet currently unavailable)
rElec   .          Harm     .   (cloak currently unavailable)
rCorr   .          Rampage  .   (gloves currently unavailable)
Will    .....                   (boots currently unavailable)
Stlth   +.........              (no amulet)
HPRegen 0.21/turn               (no ring)
MPRegen 0.15/turn               (no ring)

@: ice-form
A: freezing attack, amphibious, boosted hp, large, high MP 1, forlorn, divine
attributes
a: End Transformation


You were on level 5 of the Dungeon.
You were a creature of crystalline ice.
You visited 1 branch of the dungeon, and saw 5 of its levels.

You collected 223 gold pieces.

Inventory:

Armour
 a - a +0 robe (melded)
Jewellery
 e - a ring of positive energy
 o - a ring of see invisible
Wands
 j - a wand of flame (13)
 m - a wand of polymorph (3)
Scrolls
 b - 4 scrolls of identify
 c - a scroll of holy word {unknown}
 d - a scroll of enchant weapon {unknown}
 i - a scroll of amnesia {unknown}
Potions
 f - 3 potions of curing
 g - a potion of resistance
 h - 2 potions of mutation {unknown}
 k - a potion of brilliance {unknown}
 l - 2 potions of heal wounds {unknown}
 n - a potion of flight {unknown}
 p - a potion of might {unknown}


   Skills:
 + Level 3.9 Fighting
 - Level 1.7 Dodging
 + Level 4.8 Unarmed Combat
 + Level 4.0 Spellcasting
 + Level 4.3 Transmutations
 * Level 3.5 Ice Magic


You had 4 spell levels left.
You knew the following spells:

 Your Spells              Type           Power      Damage    Failure   Level
a - Beastly Appendage     Tmut           48%        N/A       1%          1
b - Wereblood             Tmut           24%        N/A       2%          2
c - Spider Form           Tmut/Pois      14%        N/A       13%         3
d - Ice Form              Ice/Tmut       22%        N/A       21%         4

Your spell library contained the following spells:

 Spells                   Type           Power      Damage    Failure   Level
 Shock                    Conj/Air       16%        1d4       11%         1
 Swiftness                Air            4%         N/A       30%         3
 Airstrike                Air            2%         N/A       71%         4


Dungeon Overview and Level Annotations

Branches:
Dungeon (5/15)
 Temple: D:4-7

Shops:
D:2 *

Annotations:
D:3 2 runed translucent doors


Innate Abilities, Weirdness & Mutations

You are a creature of crystalline ice.
You have a powerful freezing melee attack.
You are amphibious.
Your maximum health is increased.
Your armour is entirely melded.
You are incapable of wielding weapons or throwing items.
You have an increased reservoir of magic. (+10% MP)
You shall have no god before yourself.
Your divine heritage dramatically boosts your attributes as you level up.


Message History

The iguana hisses angrily.
The steam dragon bites you. The steam dragon barely misses you.
You barely miss the steam dragon. The steam dragon bites you.
The steam dragon claws you but does no damage.
You punch the steam dragon! You freeze the steam dragon.
The steam dragon is heavily wounded.
The steam dragon bites you. The steam dragon barely misses you.
You hit the steam dragon but do no damage.
The steam dragon is heavily wounded.
The hound bites you. The hound closely misses you.
You hit the steam dragon but do no damage.
The steam dragon is heavily wounded.
The steam dragon bites you. The steam dragon claws you. The hound bites you.
You hit the steam dragon but do no damage.
The steam dragon is heavily wounded.
The hound bites you. The steam dragon closely misses you.
The steam dragon barely misses you. The hound bites you.
You hit the steam dragon. You freeze the steam dragon.
The steam dragon is severely wounded.
The steam dragon breathes steam at you. The ball of steam hits you!
The steam scalds you terribly!
* * * LOW HITPOINT WARNING * * *
The hound closely misses you.
You hear a howl!
You hear a shout!
You punch the steam dragon! You freeze the steam dragon.
The steam dragon is almost dead.
You are engulfed in a cloud of scalding steam.
* * * LOW HITPOINT WARNING * * *
The hound bites you but does no damage.
The steam dragon bites you but does no damage.
The steam dragon closely misses you. The iguana barely misses you.
Okay, then.
Okay, then.
You barely miss the steam dragon.
The steam dragon is almost dead.
You are engulfed in a cloud of scalding steam.
* * * LOW HITPOINT WARNING * * *
A howler monkey comes into view.
The hound bites you but does no damage. The iguana bites you!
You die...

.#
#...##..........
#
##.........<.##.
## #.......#####
.### ##.....§§#
...##.....##.§##
#.....##..###..##
##..####..#
##§.### . ##.##
##..####§..##....
#..#
#......hYl......
#.##
#......>.D....#h
#.#
#..#######....#
..# #. ...## .###
...$ ...## .....
....# ..## ..###
### ###


You could see a steam dragon (catching breath), a howler monkey, an iguana and a
hound.

Vanquished Creatures
  Grinder (D:3)
  Sigmund (D:3)
  Duvessa (D:4)
  An ogre (D:4)
  A scorpion (D:4)
  Dowan (D:4)
  2 orc priests (D:3)
  A hound (D:5)
  A jelly (D:4)
  A gnoll shaman (D:4)
  2 iguanas (D:5)
  Terence (D:2)
  An orc wizard (D:3)
  Robin (D:2)
  8 gnolls
  8 adders
  2 ufetubi (D:5)
  A worm (D:2)
  3 dart slugs
  8 orcs
  4 ball pythons
  3 bats
  5 endoplasms
  3 giant cockroaches
  14 goblins
  10 hobgoblins
  11 jackals
  4 kobolds
  A quokka (D:1)
  3 frilled lizards (D:1)
  4 rats (D:1)
108 creatures vanquished.

Vanquished Creatures (others)
  30 plants (D:3)
30 creatures vanquished.

Grand Total: 138 creatures vanquished

Notes
Turn   | Place    | Note
-------+----------+-------------------------------------------
     0 | D:1      | kae the Demigod Transmuter began the quest for the Orb.
     0 | D:1      | Reached XP level 1. HP: 15/15 MP: 5/5
    38 | D:1      | Reached skill level 1 in Fighting
   361 | D:1      | Reached XP level 2. HP: 23/23 MP: 5/7
   762 | D:1      | Reached XP level 3. HP: 23/28 MP: 6/8
   768 | D:1      | Learned a level 2 spell: Wereblood
   772 | D:1      | Learned a level 3 spell: Spider Form
  1528 | D:2      | Found Keicwif's General Store.
  1918 | D:2      | Noticed Robin
  1944 | D:2      | Reached XP level 4. HP: 36/36 MP: 6/10
  1946 | D:2      | Killed Robin
  2317 | D:2      | Noticed Terence
  2327 | D:2      | Killed Terence
  2865 | D:3      | Noticed Grinder
  2866 | D:3      | Paralysed by Grinder for 5 turns
  2885 | D:3      | Killed Grinder
  2886 | D:3      | Reached XP level 5. HP: 28/44 MP: 8/12
  2886 | D:3      | Reached XP level 6. HP: 32/50 MP: 8/13
  3094 | D:3      | Learned a level 4 spell: Ice Form
  3179 | D:3      | Noticed Sigmund
  3284 | D:3      | Killed Sigmund
  3285 | D:3      | Reached skill level 1 in Ice Magic
  3982 | D:3      | Reached XP level 7. HP: 38/57 MP: 10/15
  4150 | D:3      | Found a large runed translucent door.
  4151 | D:3      | Found a large runed translucent door.
  4779 | D:4      | Noticed Duvessa
  4946 | D:4      | Noticed Dowan
  4959 | D:4      | Killed Duvessa
  4962 | D:4      | Killed Dowan
  5818 | D:5      | Entered Level 5 of the Dungeon
  6441 | D:5      | Noticed a steam dragon
  6453 | D:5      | Mangled by an iguana

Illustrated notes

Levels and vault maps discovered:
D:1:      lemuel_arrival_tunnels, layout_basic, ebering_ecumenical_altar_webs
D:2:      layout_loops_cross, basic_altar, serial_shops, nicolae_shop_trees,
          minmay_misc_feat_tower, hangedman_decor_slide_cut, uniq_terence,
          uniq_robin
D:3:      due_chaos_kobolds, layout_basic, serial_bayou_lake_a, uniq_sigmund,
          uniq_grinder
D:4:      layout_gridville, serial_rivers, chequers_serial_rivers_small_a,
          chequers_serial_rivers_micro_c, chequers_serial_rivers_micro_e,
          chequers_serial_rivers_large_b, chequers_serial_rivers_room_a,
          chequers_serial_rivers_small_3, uniq_duvessa
D:5:      layout_layer_cave, fountainhead

Skill      XL: |  1  2  3  4  5  6  7 |
---------------+----------------------+-----
Fighting       | 1 2 3 |  3.9
Transmutations | 2 3 4 |  4.3
Spellcasting   | 2 3 4 |  4.0
Unarmed Combat | 3 4 |  4.8
Ice Magic      | 1 3 |  3.5
Dodging        | |  1.7

Action                   |  1- 3 |  4- 6 |  7- 9 || total
-------------------------+-------+-------+-------++-------
Melee: Unarmed           |   109 |   113 |   134 ||   356
       Kick              |    19 |     8 |       ||    27
       Headbutt          |    13 |     3 |       ||    16
       Punch             |     3 |     2 |       ||     5
 Cast: Beastly Appendage |    18 |     9 |       ||    27
       Wereblood         |     2 |     5 |     5 ||    12
       Spider Form       |       |    10 |    18 ||    28
       Ice Form          |       |       |     2 ||     2
  Use: Potion            |     3 |       |       ||     3
       Scroll            |       |       |     2 ||     2
 Stab: Sleeping          |     1 |       |       ||     1
       Distracted        |       |     1 |       ||     1
Armor: Robe              |    27 |    14 |     6 ||    47
       Skin              |     2 |     7 |    15 ||    24
Dodge: Dodged            |    58 |    78 |   149 ||   285

Table legend: (Time is in decaauts)
 A = Elapsed time spent in this place.
 B = Non-inter-level travel time spent in this place.
 C = Inter-level travel time spent in this place.
 D = Time resting spent in this place.
 E = Time spent auto-exploring this place.
 F = Levels seen in this place.
 G = Mean time per level.
                   A        B        C        D        E       F      G
               +--------+--------+--------+--------+--------+-----+--------+
         Total |   6499 |   6337 |    162 |    820 |   4635 |   5 | 1299.8 |
       Dungeon |   6499 |   6337 |    162 |    820 |   4635 |   5 | 1299.8 |
               +--------+--------+--------+--------+--------+-----+--------+

Top non-repeatable levels by time:
     D:3: 2002 daAuts
     D:2: 1423 daAuts
     D:1: 1246 daAuts
     D:4: 1202 daAuts
     D:5: 624 daAuts
